[Event "Mitropa Cup Women 2024"]
[Site "Apolda"]
[Date "2024.02.18"]
[Round "4.12"]
[White "Fizerova, Lucie"]
[Black "Deak-Sala, Emilia"]
[Result "0-1"]
[ECO "B31"]
[WhiteElo "1794"]
[BlackElo "1843"]
[Annotator "NA RC"]
[PlyCount "92"]
[EventDate "2024.02.15"]
[EventType "team-tourn"]
[EventCountry "GER"]
[SourceTitle "playchess.com"]
[Source "ChessBase"]
[SourceQuality "1"]
[WhiteTeam "Czech Republic"]
[BlackTeam "Austria"]
[WhiteTeamCountry "CZE"]
[BlackTeamCountry "AUT"]
[TimeControl "40/5400+30:1800+30"]

1. e4 c5 2. Nf3 Nc6 3. Bb5 g6 4. O-O Bg7 5. Re1 Nf6 6. e5 Nd5 7. Nc3 Nc7 8. Bxc6 dxc6 9. h3 O-O 10. d3 h6 11. Be3 Ne6 12. Ne4 b6 13. Qd2 Kh7 14. a4 f5 15. exf6 exf6 16. Nc3 Nd4 17. Bxd4 cxd4 18. Ne2 c5 19. Nf4 Qd6 20. Re2 Bd7 21. Rae1 Rae8 22. b3 Rxe2 23. Nxe2 Qc6 24. Qf4 g5 25. Qg3 Re8 26. Nd2 f5 27. Qf3 Qg6 28. g4 fxg4 29. hxg4 Bc6 30. Qf5 Qxf5 31. gxf5 Bd7 32. Ne4 Bxf5 33. N2g3 Bd7 34. Ra1 a5 35. Kg2 Kg6 36. Rh1 Be5 37. f3 Bf4 38. Nh5 Be5 39. Kf2 Rf8 40. Kg2 g4 41. f4 Bxf4 42. Nxf4+ Rxf4 43. Kg3 Rf3+ 44. Kh4 Kf5 45. Rh2 Kf4 46. Nf6 Rh3+ 0-1

[Event "Mitropa Cup Women 2024"]
[Site "Apolda"]
[Date "2024.02.18"]
[Round "4.13"]
[White "Hakimifard, Ghazal"]
[Black "Urh, Zala"]
[Result "0-1"]
[ECO "B11"]
[WhiteElo "2243"]
[BlackElo "2290"]
[Annotator "RC"]
[PlyCount "56"]
[EventDate "2024.02.15"]
[EventType "team-tourn"]
[EventCountry "GER"]
[SourceTitle "playchess.com"]
[Source "ChessBase"]
[SourceQuality "1"]
[WhiteTeam "Switzerland"]
[BlackTeam "Slovenia"]
[WhiteTeamCountry "SUI"]
[BlackTeamCountry "SLO"]
[TimeControl "40/5400+30:1800+30"]

1. e4 c6 2. Nc3 d5 3. Nf3 dxe4 4. Nxe4 Nf6 5. Qe2 Nxe4 6. Qxe4 Nd7 7. Bc4 Nf6 8. Ne5 e6 9. Qe2 b5 10. Bd3 Qc7 11. a4 Bd6 12. Nxc6 b4 13. Nd4 a6 14. b3 Bb7 15. Bb2 Nd5 16. Be4 O-O 17. O-O-O Nf4 18. Qf3 Bxe4 19. Qxe4 f5 20. Qf3 e5 21. Nxf5 e4 22. Qg4 Be5 23. Bd4 Rac8 24. c4 Bxd4 25. Nxd4 Qe5 26. g3 Nd3+ 27. Kc2 Qxd4 28. Qe6+ Kh8 0-1

[Event "Mitropa Cup Women 2024"]
[Site "Apolda"]
[Date "2024.02.18"]
[Round "4.14"]
[White "Shpanko, Nadiia"]
[Black "Georgescu, Lena"]
[Result "1/2-1/2"]
[ECO "C79"]
[WhiteElo "2179"]
[BlackElo "2268"]
[Annotator "TA"]
[PlyCount "74"]
[EventDate "2024.02.15"]
[EventType "team-tourn"]
[EventCountry "GER"]
[SourceTitle "playchess.com"]
[Source "ChessBase"]
[SourceQuality "1"]
[WhiteTeam "Slovenia"]
[BlackTeam "Switzerland"]
[WhiteTeamCountry "SLO"]
[BlackTeamCountry "SUI"]
[TimeControl "40/5400+30:1800+30"]

1. e4 e5 2. Nf3 Nc6 3. Bb5 a6 4. Ba4 Nf6 5. O-O d6 6. h3 Bd7 (6... b5 $5 7. Bb3 $8 Na5 $11) 7. Re1 g6 8. c3 {[%emt 0:07:38] Weiß steht etwas besser.} Bg7 9. d4 O-O 10. dxe5 Nxe5 11. Nxe5 dxe5 12. Bxd7 Qxd7 13. Qxd7 Nxd7 14. Be3 {[%emt 0:00:37] Es drohte Nc5} Rfd8 15. Na3 Bf8 16. Nc4 a5 17. a4 f6 18. Red1 b6 19. Rd2 {[%emt 0:02:40] Zielt auf Rad1 ab.} Kf7 20. Rad1 Ke8 21. Kf1 Nc5 22. Rxd8+ Rxd8 23. Rxd8+ Kxd8 24. Bxc5 Bxc5 $11 {[%emt 0:00:11][%mdl 4096] Endspiel. KB-KN} 25. Ke2 Kd7 26. Ne3 $2 (26. b3 $11 {und Weiss ist OK.}) 26... Bxe3 $19 27. Kxe3 {[%emt 0:00:05] [#] KP-KP} Kc6 $1 28. g4 $2 (28. h4 b5 29. axb5+ Kxb5 30. f4 exf4+ 31. Kxf4) 28... g5 29. Kd3 {[%emt 0:14:19] Droht stark Kc4.} Kc5 (29... b5 30. axb5+ Kxb5) 30. Kc2 {[%emt 0:01:00] [#]} Kc4 $2 ({Besser ist} 30... b5 $1 $19 31. Kb3 bxa4+ 32. Kxa4 Kc4 (32... Kb6 33. b3 $11)) 31. b3+ $11 Kc5 {[%emt 0:00:05][%cal Bc4c5,Bc5b5,Bb5b6,Bb6a6][%mdl 32] ...b5 wäre nun fies.} 32. Kb2 $1 {[%emt 0:25:19] Die Stellung ist ausgeglichen.} b5 33. axb5 Kxb5 {[%emt 0:12:40] Weiss muss nun ...a4 beachten.} 34. Ka3 c5 35. c4+ Kb6 36. f3 Ka6 37. Ka4 Kb6 {[%emt 0:00:00] Weiß willigt fröhlich ins Remis ein.   Gewichteter Fehlerwert: Weiß=0.58/Schwarz=0.39.  Verlustzug:     	Weiß=1     	---        Gewinn verpasst:   	---       	Schwarz=1     Fehler:       	Weiß=1     	---        Ungenau:       	Weiß=2     	Schwarz=1     OK:         	Weiß=14    	Schwarz=11    Bester:       	Weiß=2     	Schwarz=1     Stark:        	Weiß=1     	Schwarz=1} (37... h6 $5) 1/2-1/2

[Event "Mitropa Cup Women 2024"]
[Site "Apolda"]
[Date "2024.02.18"]
[Round "4.15"]
[White "Hryzlova, Sofiia"]
[Black "Vidic, Teja"]
[Result "1-0"]
[ECO "A07"]
[WhiteElo "2196"]
[BlackElo "2132"]
[Annotator "RC"]
[PlyCount "49"]
[EventDate "2024.02.15"]
[EventType "team-tourn"]
[EventCountry "GER"]
[SourceTitle "playchess.com"]
[Source "ChessBase"]
[SourceQuality "1"]
[WhiteTeam "Switzerland"]
[BlackTeam "Slovenia"]
[WhiteTeamCountry "SUI"]
[BlackTeamCountry "SLO"]
[TimeControl "40/5400+30:1800+30"]

1. Nf3 d5 2. g3 Bg4 3. Bg2 Nd7 4. h3 Bh5 5. d4 e6 6. O-O Ngf6 7. c4 c6 8. cxd5 exd5 9. Ne5 Be7 10. f4 Qb6 11. Nxd7 Kxd7 12. g4 Nxg4 13. hxg4 Bxg4 14. Qd3 Bf6 15. e3 Rae8 16. Nc3 h5 17. Bd2 g6 18. Na4 Qc7 19. Rac1 Qd6 20. b4 b5 21. Nc5+ Ke7 22. Qa3 Ra8 23. Nb7 Qe6 24. Qa6 Rhc8 25. Na5 1-0

[Event "Mitropa Cup Women 2024"]
[Site "Apolda"]
[Date "2024.02.18"]
[Round "4.16"]
[White "Mihelic, Vesna"]
[Black "Manko, Mariia"]
[Result "1/2-1/2"]
[ECO "B30"]
[WhiteElo "2112"]
[BlackElo "2128"]
[Annotator "NA RC"]
[PlyCount "92"]
[EventDate "2024.02.15"]
[EventType "team-tourn"]
[EventCountry "GER"]
[SourceTitle "playchess.com"]
[Source "ChessBase"]
[SourceQuality "1"]
[WhiteTeam "Slovenia"]
[BlackTeam "Switzerland"]
[WhiteTeamCountry "SLO"]
[BlackTeamCountry "SUI"]
[TimeControl "40/5400+30:1800+30"]

1. e4 c5 2. Nf3 Nc6 3. Bb5 g6 4. Nc3 Bg7 5. d3 e5 6. Bg5 f6 7. Be3 Nd4 8. Bc4 Nh6 9. h4 d6 10. Bxh6 Bxh6 11. Nxd4 cxd4 12. Nd5 Be6 13. Qf3 Bxd5 14. Bxd5 Rc8 15. O-O Rxc2 16. Bxb7 Rf8 17. Qd1 Rc7 18. Qb3 Qd7 19. Bd5 Ke7 20. Qd1 f5 21. h5 f4 22. f3 g5 23. Qe2 Rfc8 24. Bc4 Qe8 25. Ba6 Rc2 26. Qd1 R8c7 27. Rf2 Rxf2 28. Kxf2 Qc6 29. Bc4 Qe8 30. Qh1 Qd7 31. Qh3 Qxh3 32. gxh3 Kf6 33. Rg1 Bf8 34. h4 h6 35. b4 a5 36. a3 axb4 37. axb4 d5 38. exd5 Bxb4 39. hxg5+ hxg5 40. Rb1 Bc5 41. Kg2 Kf5 42. Ba6 g4 43. Rb7 Rxb7 44. Bxb7 g3 45. d6 Bxd6 46. Be4+ Kg5 1/2-1/2

[Event "Mitropa Cup Women 2024"]
[Site "Apolda"]
[Date "2024.02.18"]
[Round "4.17"]
[White "Cvitan, Ena"]
[Black "Iglesias, Yosha"]
[Result "0-1"]
[ECO "D02"]
[WhiteElo "2242"]
[BlackElo "2260"]
[Annotator "TA"]
[PlyCount "60"]
[EventDate "2024.02.15"]
[EventType "team-tourn"]
[EventCountry "GER"]
[SourceTitle "playchess.com"]
[Source "ChessBase"]
[SourceQuality "1"]
[WhiteTeam "Croatia"]
[BlackTeam "France"]
[WhiteTeamCountry "CRO"]
[BlackTeamCountry "FRA"]
[TimeControl "40/5400+30:1800+30"]

1. d4 d5 2. Nf3 Nf6 3. c3 g6 4. h3 c5 5. Bf4 Qb6 6. Qb3 c4 7. Qxb6 axb6 8. Na3 {[%emt 0:00:33] Weiß hat minimalen Vorteil.} Nc6 9. Nb5 {[%emt 0:12:57] Droht stark Nc7+.} Ra5 10. a4 {[%emt 0:01:51] Und jetzt Nd2 wäre schön.} Bf5 11. Bc7 (11. Ne5 {ist vielschichtiger.} Bg7 12. g4 Be4 13. f3) 11... Bc2 12. Bxb6 {[%emt 0:13:05][%cal Of3e5] Schwarz muss nun Ne5! beachten.} Rxa4 13. Rc1 {[%emt 0:04:33] [#]} (13. Nc7+ $11 {und Weiss ist OK.} Kd7 14. Rxa4 Bxa4 15. Ng5) 13... Bf5 (13... Ra2 $1 $19 14. Nc7+ (14. Rxc2 $2 {geht unter.} Ra1+ 15. Kd2 Ne4+ 16. Ke3 Bh6+ $19) 14... Kd7 15. Ne5+ (15. Rxc2 $2 Ra1+ $19) 15... Nxe5 16. dxe5 Rxb2 17. exf6 e6 (17... Rxb6 18. fxe7 Bh6 19. e3 $17)) 14. Nd2 $2 {[%emt 0:05:26] Ein Fehler, der zur Niederlage führt.} ({Besser ist} 14. Nc7+ $15 Kd7 15. Ne5+ Nxe5 16. dxe5) 14... Ra2 $19 15. b3 cxb3 16. Nxb3 {[%emt 0:00:26] [#]} Rb2 $1 17. Nc7+ Kd7 18. Nc5+ Kc8 19. Na4 {[%emt 0:01:37] [#]} Rxb6 20. Nxb6+ Kxc7 21. Na8+ Kb8 22. Nb6 e5 23. g4 Be6 24. e3 exd4 25. cxd4 Bb4+ {[%emt 0:00:40] Schwarz steht klar auf Gewinn.} 26. Ke2 Kc7 27. Na4 Ra8 28. Nc5 Ra2+ 29. Kf3 Bxc5 30. dxc5 Ne4 {[%emt 0:00:58] Gewichteter Fehlerwert: Weiß=0.67/Schwarz=0.12 (sehr präzise) .  Verlustzug:     	Weiß=2     	---        Fehler:       	---       	Schwarz=1     Ungenau:       	Weiß=3     	Schwarz=1     OK:         	Weiß=10    	Schwarz=10    Bester:       	Weiß=2     	Schwarz=7     Stark:        	---       	Schwarz=1} 0-1

[Event "Mitropa Cup Women 2024"]
[Site "Apolda"]
[Date "2024.02.18"]
[Round "4.18"]
[White "Schippke, Manon"]
[Black "Medic, Mirjana"]
[Result "1-0"]
[ECO "C11"]
[WhiteElo "2162"]
[BlackElo "2151"]
[Annotator "RC"]
[PlyCount "99"]
[EventDate "2024.02.15"]
[EventType "team-tourn"]
[EventCountry "GER"]
[SourceTitle "playchess.com"]
[Source "ChessBase"]
[SourceQuality "1"]
[WhiteTeam "France"]
[BlackTeam "Croatia"]
[WhiteTeamCountry "FRA"]
[BlackTeamCountry "CRO"]
[TimeControl "40/5400+30:1800+30"]

1. e4 e6 2. d4 d5 3. Nc3 Nf6 4. e5 Nfd7 5. Nce2 c5 6. c3 Nc6 7. Nf3 cxd4 8. cxd4 f6 9. Nf4 Bb4+ 10. Bd2 Bxd2+ 11. Qxd2 Qe7 12. exf6 Nxf6 13. Bb5 O-O 14. O-O Ne4 15. Qe3 Qf6 16. Nd3 Bd7 17. a4 Rfc8 18. Rfe1 Rc7 19. Bxc6 Bxc6 20. Nfe5 Re8 21. Rac1 Ree7 22. Nxc6 Rxc6 23. Rxc6 bxc6 24. Rc1 Rc7 25. b4 Qe7 26. f3 Nd6 27. Nc5 Nc4 28. Qxe6+ Qxe6 29. Nxe6 Rb7 30. Rb1 Nd2 31. Nc5 Rb8 32. Rd1 Nc4 33. Nd3 Kf7 34. Re1 Kf6 35. Kf2 Rb7 36. g4 g5 37. Re8 Nd6 38. Rf8+ Ke7 39. Rh8 Kf6 40. Kg3 Re7 41. Ne5 Ne8 42. Rf8+ Kg7 43. Rf5 h6 44. Nxc6 Rc7 45. b5 Nf6 46. Re5 Kf7 47. h4 gxh4+ 48. Kxh4 a6 49. Nd8+ Kg6 50. b6 1-0

[Event "Mitropa Cup Women 2024"]
[Site "Apolda"]
[Date "2024.02.18"]
[Round "4.19"]
[White "Berke, Ana"]
[Black "Navrotescu, Andreea"]
[Result "1-0"]
[ECO "C72"]
[WhiteElo "2092"]
[BlackElo "2222"]
[Annotator "RC"]
[PlyCount "101"]
[EventDate "2024.02.15"]
[EventType "team-tourn"]
[EventCountry "GER"]
[SourceTitle "playchess.com"]
[Source "ChessBase"]
[SourceQuality "1"]
[WhiteTeam "Croatia"]
[BlackTeam "France"]
[WhiteTeamCountry "CRO"]
[BlackTeamCountry "FRA"]
[TimeControl "40/5400+30:1800+30"]

1. e4 e5 2. Nf3 Nc6 3. Bb5 a6 4. Ba4 d6 5. O-O Bg4 6. c3 Qf6 7. d3 Nge7 8. Nbd2 g5 9. Re1 Ng6 10. h3 Bd7 11. Nf1 Nf4 12. Ne3 Qg6 13. Nd5 O-O-O 14. b4 Rg8 15. Nh2 h5 16. b5 axb5 17. Bxb5 g4 18. hxg4 hxg4 19. Nxf4 exf4 20. Bxf4 Bh6 21. Bg3 f5 22. exf5 Qxf5 23. Qa4 Bd2 24. Reb1 Bxc3 25. Qa8+ Nb8 26. Qxb7+ Kxb7 27. Bxd7+ Ka7 28. Bxf5 Nc6 29. Bxg4 Nd4 30. a4 Bxa1 31. Rxa1 Rb8 32. f4 c5 33. Bf2 Nc2 34. Rc1 Nb4 35. Rd1 Rgf8 36. g3 Ka6 37. Bd7 Rb7 38. Bb5+ Kb6 39. d4 c4 40. d5+ Ka5 41. Bxc4 Nc2 42. Bb5 Kb4 43. Nf3 Rg7 44. Ng5 Rc8 45. Rb1+ Ka5 46. Bc6 Na3 47. Rb3 Nc4 48. Ne6 Rh7 49. Be1+ Ka6 50. Bb5+ Ka7 51. Bf2+ 1-0

[Event "Mitropa Cup Women 2024"]
[Site "Apolda"]
[Date "2024.02.18"]
[Round "4.20"]
[White "Blanquet, Camille"]
[Black "Vujnovic, Patricija"]
[Result "1-0"]
[ECO "D37"]
[WhiteElo "2023"]
[BlackElo "2104"]
[Annotator "NA RC"]
[PlyCount "161"]
[EventDate "2024.02.15"]
[EventType "team-tourn"]
[EventCountry "GER"]
[SourceTitle "playchess.com"]
[Source "ChessBase"]
[SourceQuality "1"]
[WhiteTeam "France"]
[BlackTeam "Croatia"]
[WhiteTeamCountry "FRA"]
[BlackTeamCountry "CRO"]
[TimeControl "40/5400+30:1800+30"]

1. d4 d5 2. c4 e6 3. Nf3 Nf6 4. Nc3 a6 5. cxd5 exd5 6. Bg5 Be6 7. e3 Nbd7 8. Bd3 Bd6 9. O-O c6 10. Qc2 Qc7 11. e4 dxe4 12. Nxe4 Nxe4 13. Bxe4 h6 14. Bh4 O-O 15. Bg3 Nf6 16. Bf5 Bxf5 17. Qxf5 Bxg3 18. hxg3 Rad8 19. Rfe1 Rd5 20. Re5 Qb6 21. Qc2 Rfd8 22. Rae1 Qc7 23. Re7 R5d7 24. R7e5 g6 25. Qc1 Kg7 26. Qf4 Nd5 27. Qe4 Qd6 28. a3 Nc7 29. Qg4 Qf6 30. Qe4 Nb5 31. Rd1 Rd5 32. a4 Rxe5 33. Nxe5 Nc7 34. Rd3 Qd6 35. Qe3 Nd5 36. Qd2 Nb4 37. Nc4 Qe7 38. Re3 Qf8 39. Rf3 c5 40. Qf4 Rxd4 41. Qf6+ Kg8 42. Ne3 Nd5 43. Nxd5 Rxd5 44. Rb3 Qe8 45. g4 b5 46. Qf4 Rd4 47. Qxh6 Rxa4 48. Rh3 Qe1+ 49. Kh2 Qe5+ 50. g3 Rxg4 51. Qd2 Rd4 52. Qc3 Rd5 53. Qf3 Qf5 54. Qe3 Qe5 55. Qf3 Kg7 56. Qg4 Qf5 57. Qe2 Re5 58. Qd2 g5 59. Rh5 Rd5 60. Qe3 Re5 61. Qd2 Kg6 62. Rh8 Kg7 63. Rh5 Rd5 64. Qe3 Qg6 65. Rh3 c4 66. Qe8 Kf6 67. Qf8 Ke5 68. Rh6 Qf5 69. Qe7+ Qe6 70. Rxe6+ fxe6 71. Qxg5+ Kd6 72. Qd8+ Kc5 73. Qc8+ Kd4 74. Qxe6 Re5 75. Qd6+ Rd5 76. Qxa6 Kd3 77. Qa3+ Ke2 78. Qe3+ Kf1 79. Qc1+ Ke2 80. Kg2 Rd1 81. Qe3# 1-0

[Event "Mitropa Cup Women 2024"]
[Site "Apolda"]
[Date "2024.02.19"]
[Round "5.1"]
[White "Iglesias, Yosha"]
[Black "Terbe, Julianna"]
[Result "1/2-1/2"]
[ECO "D02"]
[WhiteElo "2260"]
[BlackElo "2315"]
[Annotator "TA"]
[PlyCount "91"]
[EventDate "2024.02.15"]
[EventType "team-tourn"]
[EventCountry "GER"]
[SourceTitle "playchess.com"]
[Source "ChessBase"]
[SourceQuality "1"]
[WhiteTeam "France"]
[BlackTeam "Hungary"]
[WhiteTeamCountry "FRA"]
[BlackTeamCountry "HUN"]
[TimeControl "40/5400+30:1800+30"]

1. d4 d5 2. Nf3 Nf6 3. Bf4 c5 4. e3 Nc6 5. Nbd2 e6 6. c3 Nh5 7. Bg5 f6 8. Bh4 g6 9. Bd3 Be7 10. dxc5 a5 11. O-O O-O 12. c4 d4 $1 13. exd4 (13. Ne4 $142) 13... Nxd4 $11 14. Nb3 (14. Ne4 $11) 14... Nxb3 15. Qxb3 Bxc5 16. Rad1 Qc7 17. Rfe1 g5 18. Bg3 Nxg3 19. hxg3 g4 20. Nd2 f5 {[%emt 0:01:42] Repels Ne4} 21. Bc2 e5 22. Nf1 Ra6 23. Ne3 (23. Qc3 $17 {might work better.} Re6 24. Re2) 23... Rh6 24. Nd5 Qg7 {[%emt 0:02:27] And now ...f4 would win.} 25. Qc3 $2 (25. Qb5 b6 26. Nxb6 Bxb6 27. Rxe5) 25... f4 $19 26. Rd2 fxg3 (26... Bd4 27. Rxd4 exd4 28. Qxa5 fxg3 29. fxg3 $17) 27. Qxg3 Qg5 28. Ne3 Bb4 29. Red1 Bxd2 30. Rxd2 b6 31. Rd5 {[%emt 0:00:53] [#]} (31. Be4 {was worth a try.}) 31... Qh5 (31... Rf4 $1 $19 {Strongly threatening ...Be6.} 32. b3 Kf7) 32. Kf1 ({White should try} 32. f3) 32... Rhf6 33. Kg1 Rf4 ({Better is} 33... Rxf2 34. Rxe5 Qh6) 34. c5 $17 bxc5 35. Rxc5 a4 36. b3 Ba6 (36... Kh8 $17 37. Rc7 axb3 38. axb3 (38. Rxh7+ $2 {is the wrong capture.} Qxh7 39. Bxh7 bxa2 $19) 38... R4f7) 37. Rc6 {[%emt 0:01:08] Active counter play!} (37. f3 $1 $11 {was the only way to keep the balance.}) 37... Be2 {[%emt 0:00:25] ...Rxf2 would now be deadly.} 38. f3 {[%emt 0:00:24] [#]} (38. bxa4 $17 {keeps fighting.} Rxf2 39. Bb3+ Kg7 40. Rc7+ Kh8 41. Qxf2 Rxf2 42. Rc8+ Kg7 43. Rg8+ Kf6 44. Kxf2) 38... Kh8 $2 ({Black should play} 38... Bxf3 $1 $19 39. Rc7 (39. gxf3 $2 {perishes.} Rxf3 40. Qxg4+ Qxg4+ 41. Nxg4 Rg3+ 42. Kh2 Rxg4 $19) 39... Be2 (39... Be4 $2 40. bxa4 Qg5 41. Bd1 $19)) 39. Rc7 $11 {[%emt 0:00:08] Dancing on a razor blade.} R8f7 ({Not} 39... gxf3 40. Qg7#) 40. Rxf7 Qxf7 41. Nxg4 Qc7 42. Be4 (42. Qh4 $5) 42... axb3 43. axb3 Rxe4 44. fxe4 {[%emt 0:01:58] The position is equal.} Qg7 45. Qxe5 $1 Bxg4 46. Qe8+ {[%emt 0:25:16] Weighted Error Value: White=0.32/Black=0.27 (precise) .  Loses game:     	White=1     	---        Missed win:     	---       	Black=1      Mistake:       	White=7     	Black=3      Inaccurate:     	White=1     	Black=2      OK:         	White=8     	Black=16     Best:        	White=2     	Black=2      Strong:       	White=1     	Black=1} 1/2-1/2

[Event "Mitropa Cup Women 2024"]
[Site "Apolda"]
[Date "2024.02.19"]
[Round "5.2"]
[White "Demeter, Dorina"]
[Black "Schippke, Manon"]
[Result "1/2-1/2"]
[ECO "A11"]
[WhiteElo "2271"]
[BlackElo "2162"]
[Annotator "TA"]
[PlyCount "94"]
[EventDate "2024.02.15"]
[EventType "team-tourn"]
[EventCountry "GER"]
[SourceTitle "playchess.com"]
[Source "ChessBase"]
[SourceQuality "1"]
[WhiteTeam "Hungary"]
[BlackTeam "France"]
[WhiteTeamCountry "HUN"]
[BlackTeamCountry "FRA"]
[TimeControl "40/5400+30:1800+30"]

1. Nf3 d5 2. e3 Nf6 3. c4 e6 4. Nc3 c6 5. b3 Nbd7 6. Bb2 Bd6 7. Qc2 O-O 8. cxd5 exd5 9. Ne2 Re8 10. Ng3 a5 11. a3 Nc5 12. Nd4 Qb6 13. Rb1 Be5 14. Be2 Nce4 15. f4 {[%emt 0:06:03] Nxe4 is the strong threat.} Bd6 16. Nxe4 dxe4 17. O-O Bd7 18. Bc4 Qd8 19. a4 Qe7 20. Bc3 Rec8 21. Qb2 Ba3 22. Qa1 Bb4 23. Rfc1 Rab8 24. Bxb4 Qxb4 25. Nc2 Qd6 ({Reject} 25... Qxd2 $6 26. Rd1 Qxc2 27. Rbc1 $16) 26. Qd4 Qxd4 27. Nxd4 Kf8 28. h3 Ke7 29. g4 h6 30. Bf1 Kd6 31. Bg2 Re8 32. Ne2 Be6 (32... c5 $14) 33. Ng3 g6 34. g5 (34. Nxe4+ Nxe4 35. Bxe4 f5 $16 (35... Bxg4 36. Bxg6 Be6 37. Bh5 $16)) 34... hxg5 35. fxg5 Nd5 36. Nxe4+ Kc7 37. Nc5 Nb4 {[%emt 0:00:21] [#]} ({Better is} 37... Rbd8 $14) 38. Rf1 $1 $16 Rbd8 39. Nxe6+ fxe6 40. Rf7+ Kb6 {[%emt 0:00:11] [#]} 41. Be4 {[%emt 0:09:52] White is more active.} ({White should play} 41. Rd1 $1 $16) 41... Rxd2 $11 42. Bxg6 {[%emt 0:00:23][%cal Of7b7] aiming for Rxb7+!} Rg8 $1 {[%emt 0:04:37] The position is equal.} 43. Rf6 Nd5 44. Rxe6 Nc7 45. Rf6 Nd5 46. Re6 Nc7 47. Rf6 {[%emt 0:00:49] Hoping for e4.} Nd5 $1 {[%emt 0:00:03][%csl LRe3,LRf6] Weighted Error Value: White=0.15 (very precise) /Black=0.12 (very precise) .  Mistake:       	White=1     	Black=2      Inaccurate:     	White=2     	Black=3      OK:         	White=15    	Black=13     Best:        	White=2     	Black=2      Strong:       	White=1     	Black=1} 1/2-1/2

[Event "Mitropa Cup Women 2024"]
[Site "Apolda"]
[Date "2024.02.19"]
[Round "5.3"]
[White "Navrotescu, Andreea"]
[Black "Ivan-Gal, Hanna Krisztina"]
[Result "1-0"]
[ECO "E62"]
[WhiteElo "2222"]
[BlackElo "2191"]
[Annotator "RC"]
[PlyCount "127"]
[EventDate "2024.02.15"]
[EventType "team-tourn"]
[EventCountry "GER"]
[SourceTitle "playchess.com"]
[Source "ChessBase"]
[SourceQuality "1"]
[WhiteTeam "France"]
[BlackTeam "Hungary"]
[WhiteTeamCountry "FRA"]
[BlackTeamCountry "HUN"]
[TimeControl "40/5400+30:1800+30"]

1. d4 Nf6 2. c4 g6 3. g3 Bg7 4. Bg2 O-O 5. Nc3 d6 6. Nf3 Nc6 7. O-O e5 8. dxe5 dxe5 9. Bg5 Qxd1 10. Raxd1 h6 11. Bc1 Be6 12. b3 Rfd8 13. Na4 Nd7 14. Rd2 Bf8 15. Ne1 Nb6 16. Rxd8 Rxd8 17. Nc3 a5 18. Nd3 Bg7 19. Nb5 Bg4 20. Nc5 Bxe2 21. Re1 Rd1 22. Rxd1 Bxd1 23. Nxb7 Nd4 24. Nxd4 exd4 25. Nxa5 d3 26. Bd2 Bf8 27. Kf1 Nd7 28. Ke1 Bc2 29. b4 Bg7 30. c5 h5 31. Nc4 Kf8 32. Bc6 Nb8 33. Bb7 Bd4 34. Ne3 Ba4 35. Bd5 Nc6 36. Be4 Ne5 37. f4 f5 38. Bg2 Ng4 39. Nxg4 hxg4 40. Bd5 Ke7 41. Bc4 Bc2 42. Bb5 Kd8 43. Bc6 Bf6 44. a4 Bb3 45. Bb5 Kc8 46. a5 Kb7 47. Bxd3 Bd4 48. Bb5 Bd5 49. Be8 c6 50. Bxg6 Be4 51. Bf7 Bd3 52. Be6 Bf6 53. Kd1 Bd4 54. Kc1 Bf6 55. Be1 Bd4 56. Kd2 Be4 57. Bc4 Ka7 58. Bd3 Bxd3 59. Kxd3 Bg1 60. Ke2 Bd4 61. Kf1 Ka6 62. Kg2 Kb5 63. h3 gxh3+ 64. Kxh3 1-0

[Event "Mitropa Cup Women 2024"]
[Site "Apolda"]
[Date "2024.02.19"]
[Round "5.4"]
[White "Karacsonyi, Kata"]
[Black "Blanquet, Camille"]
[Result "0-1"]
[ECO "B12"]
[WhiteElo "2087"]
[BlackElo "2023"]
[Annotator "NA RC"]
[PlyCount "80"]
[EventDate "2024.02.15"]
[EventType "team-tourn"]
[EventCountry "GER"]
[SourceTitle "playchess.com"]
[Source "ChessBase"]
[SourceQuality "1"]
[WhiteTeam "Hungary"]
[BlackTeam "France"]
[WhiteTeamCountry "HUN"]
[BlackTeamCountry "FRA"]
[TimeControl "40/5400+30:1800+30"]

1. e4 c6 2. d4 d5 3. e5 Bf5 4. h4 h5 5. Bd3 Bxd3 6. Qxd3 e6 7. Bg5 Qa5+ 8. Nd2 Qa6 9. c4 Nh6 10. Ne2 Nf5 11. Ng3 dxc4 12. Qc3 Nxg3 13. fxg3 c5 14. O-O Qc6 15. d5 Qxd5 16. Rf2 Nc6 17. Nxc4 b5 18. Rd2 Nd4 19. Ne3 Qxe5 20. Rad1 Qe4 21. Rxd4 cxd4 22. Rxd4 Qb7 23. Qd3 f6 24. Qb3 Kf7 25. Qd3 Be7 26. Bf4 Rhd8 27. Rxd8 Rxd8 28. Qh7 Qc6 29. Qxh5+ Kg8 30. Qg4 Qe4 31. h5 Bc5 32. Qf3 Qxf3 33. gxf3 Rd2 34. Kf1 Bxe3 35. Bxe3 Rxb2 36. Bxa7 Rxa2 37. Bd4 b4 38. Ke1 e5 39. Be3 b3 40. Kd1 Ra1+ 0-1

[Event "Mitropa Cup Women 2024"]
[Site "Apolda"]
[Date "2024.02.19"]
[Round "5.5"]
[White "Urh, Zala"]
[Black "Walter, Ema"]
[Result "1/2-1/2"]
[ECO "E04"]
[WhiteElo "2290"]
[BlackElo "2124"]
[Annotator "RC"]
[PlyCount "129"]
[EventDate "2024.02.15"]
[EventType "team-tourn"]
[EventCountry "GER"]
[SourceTitle "playchess.com"]
[Source "ChessBase"]
[SourceQuality "1"]
[WhiteTeam "Slovenia"]
[BlackTeam "Slovakia"]
[WhiteTeamCountry "SLO"]
[BlackTeamCountry "SVK"]
[TimeControl "40/5400+30:1800+30"]

1. d4 Nf6 2. c4 e6 3. Nf3 d5 4. g3 dxc4 5. Bg2 c6 6. O-O b5 7. a4 Bb7 8. Nc3 a6 9. Ne5 Bd6 10. axb5 axb5 11. Rxa8 Bxa8 12. Nxb5 cxb5 13. Bxa8 O-O 14. Bg2 Qc7 15. f4 Rd8 16. e3 Nd5 17. g4 Nd7 18. Qe1 Rb8 19. Bd2 b4 20. e4 Ne7 21. Nxd7 Qxd7 22. Kh1 Nc6 23. d5 exd5 24. exd5 Nd4 25. Qh4 Re8 26. Re1 Nb3 27. Rxe8+ Qxe8 28. Qe1 Qb8 29. Be4 Nxd2 30. Qxd2 Bxf4 31. Qc2 g6 32. Qxc4 Bxh2 33. Qc2 Bd6 34. b3 Qd8 35. Qf2 Qg5 36. Qf3 Qd2 37. Kg1 Qe1+ 38. Kg2 Kg7 39. Bd3 Qd2+ 40. Qe2 Qf4 41. Qf3 Qg5 42. Kf1 Qc1+ 43. Kg2 Qb2+ 44. Be2 Be5 45. Kf1 Qb1+ 46. Kg2 Qc2 47. Kf1 f5 48. gxf5 Qxf5 49. Qxf5 gxf5 50. Kg2 Kf6 51. Kf3 Kg5 52. Bd3 h5 53. Be2 Bd6 54. Bd3 h4 55. Bf1 Kf6 56. Bg2 Ke5 57. Bh3 f4 58. Kg4 Kd4 59. Bf1 Kxd5 60. Kxh4 Ke4 61. Bc4 Kf3 62. Bd5+ Ke3 63. Kg4 Kd4 64. Bc6 Kc3 65. Bd5 1/2-1/2